[Event "*** Titled Tuesday Blitz"]
[Site "Chess.com"]
[Date "2018.12.04"]
[Round "5"]
[White "Alexander_Moskalenko"]
[Black "FearNoEvil12"]
[Result "1-0"]
[WhiteElo "2827"]
[BlackElo "1979"]
[TimeControl "180+2"]
[EndTime "14:06:19 PST"]
[Termination "Alexander_Moskalenko won by resignation"]

1. c4 Nf6 2. Nc3 g6 3. d4 Bg7 4. e4 d6 5. f3 O-O 6. Nge2 c5 7. d5 a6 8. Bg5 h6 9. Bh4 g5 10. Bf2 e6 11. a4 exd5 12. cxd5 Re8 13. Ng3 Nbd7 14. Be2 Ne5 15. O-O h5 16. Re1 h4 17.
Nf1 Nh5 18. Ne3 Nf4 19. Bf1 Qf6 20. a5 Qg6 21. h3 Kh8 22. Ng4 Bxg4 23. hxg4 Bf6 24.
Be3 Kg7 25. Qd2 Qh6 26. Ne2 Neg6 27. Nxf4 gxf4 28. Bf2 Rh8 29. Ra3 Ne5 30. b4 cxb4 31. Qxb4 Rac8 32. Qxd6 Rc2 33. Qb6 h3 34. gxh3 Ng6 35.
Bd4 Bxd4+ 36. Qxd4+ Kg8 37. Rc3 Rxc3 38. Qxc3 Qh4 39.
Bg2 Qg3 40. Kf1 Nh4 41. Re2 Nxg2 42. Rxg2 Qxh3 43. Kf2 Qh4+ 44. Ke2 Qh1 45. Rf2 Rh2 46.
Rxh2 Qxh2+ 47. Kd3 Qf2 48. Kc4 Qa2+ 49. Kc5 Qa4 50. Kd6 Kh7 51. Ke7 Kg8 52. Qc8+ Kh7 53. Qf5+ Kh8 54. Qf6+ Kg8 55. Qxf7+ Kh8 56. Qf8+ Kh7 57.
Qf5+ Kh8 58. d6 Qc4 59. Qxf4 Qc8 60. Qf8+ 1-0

[Event "*** Titled Tuesday Blitz"]
[Site "Chess.com"]
[Date "2018.12.04"]
[Round "5"]
[White "grzechu96"]
[Black "anesar92"]
[Result "1-0"]
[WhiteElo "2548"]
[BlackElo "2660"]
[TimeControl "180+2"]
[EndTime "14:06:20 PST"]
[Termination "grzechu96 won by resignation"]

1. e4 e6 2. d4 d5 3. Bd3 dxe4 4. Bxe4 Nf6 5. Bf3 Nbd7 6. Nc3 Bd6 7. Nge2 O-O 8. O-O e5 9. Bg5 h6 10. Bh4 c6 11. h3 Qc7 12. Bg3 exd4 13. Qxd4 Ne5 14.
Be4 Be6 15. Rad1 Rad8 16. Qxa7 Nc4 17. Bxd6 Rxd6 18. Rxd6 Qxd6 19. Qd4 Qxd4 20. Nxd4 Nxe4 21. Nxe4 Nxb2 22. Nxe6 fxe6 23. Rb1 Nc4 24. Rxb7 Ra8 25. Nc5 Rxa2 26. Nxe6 Nd2 27. Rxg7+ Kh8 28. h4 Rxc2 29.
Rg6 Ne4 30. f3 Nd6 31. Rxh6+ Kg8 32. Nd4 Rc1+ 33. Kh2 Nf7 34. Rxc6 Rd1 35. Nf5 Rd2 36. Nh6+ Nxh6 37. Rxh6 Kg7 38. Rh5 Kg6 39. Rg5+ Kh6 40. Kh3 Rd1 41. Ra5 Rd4 42. g4 Rd3 43. Kg3 Rb3 44.
Ra6+ Kg7 45. g5 Rb4 1-0

[Event "*** Titled Tuesday Blitz"]
[Site "Chess.com"]
[Date "2018.12.04"]
[Round "5"]
[White "TheBigBadChessDad"]
[Black "M1711"]
[Result "0-1"]
[WhiteElo "2272"]
[BlackElo "2476"]
[TimeControl "180+2"]
[EndTime "14:06:20 PST"]
[Termination "M1711 won on time"]

1. d4 Nf6 2. Nf3 e6 3. Bf4 d5 4.
e3 c5 5. c3 Nc6 6. Nbd2 cxd4 7. cxd4 Be7 8. a3 O-O 9. h3 Bd7 10. Bd3 Rc8 11. Rc1 a6 12. O-O Qb6 13. b4 Na7 14.
Ne5 Bb5 15. Qb3 Bxd3 16. Nxd3 Nb5 17. Nc5 Qa7 18. Rc2 b6 19. Na4 Rxc2 20. Qxc2 Nxa3 21. Qb3 Nb5 22. Rc1 Qb7 23. Nf3 Ne4 24. Ne5 Rc8 25. Rxc8+ Qxc8 26. f3 Qc1+ 27. Kh2 Nd2 28. Qd3 Nf1+ 29.
Kg1 Nxe3+ 30. Kf2 Nd1+ 31. Kg3 Bh4+ 32. Kxh4 Qxf4+ 33. g4 Ne3 0-1

[Event "*** Titled Tuesday Blitz"]
[Site "Chess.com"]
[Date "2018.12.04"]
[Round "5"]
[White "Vamostodorecto"]
[Black "snowlord"]
[Result "0-1"]
[WhiteElo "2416"]
[BlackElo "2639"]
[TimeControl "180+2"]
[EndTime "14:06:22 PST"]
[Termination "snowlord won by checkmate"]

1. d4 Nf6 2. c4 e6 3. Nc3 Bb4 4. e3 O-O 5. a3 Bxc3+ 6. bxc3 b6 7. Bd3 Ba6 8. Ne2 d5 9. cxd5 Qxd5 10. O-O Bxd3 11. Qxd3 c5 12. f3 cxd4 13. cxd4 Rc8 14. e4 Qc4 15. Qe3 Nc6 16. Bb2 Qb5 17. Rab1 Na5 18. d5 Nc4 19. Qd3 Qc5+ 20. Bd4 Qxa3 21.
Rb3 Qe7 22. dxe6 fxe6 23. f4 Na5 24. Rb5 Nc6 25. Bb2 a6 26. Rg5 Nb4 27. Qh3 Rc2 28.
Bxf6 Qxf6 29. e5 Qe7 30. Nd4 Qc5 31. Qxe6+ Kh8 32. Rd1 Rc1 33. Rxc1 Qxc1+ 34. Kf2 Nd3+ 35. Kf3 Qxf4+ 36. Ke2 Nc1+ 37. Kd1 Qxg5 38. Qc6 Rf8 39. Ne6 Rf1+ 40. Kc2 Qf5+ 41. Kc3 Qxe5+ 42. Kc2 Rf2+ 43. Kxc1 Qa1# 0-1

[Event "*** Titled Tuesday Blitz"]
[Site "Chess.com"]
[Date "2018.12.04"]
[Round "5"]
[White "AquivaRubinstein"]
[Black "Ali_rastbod"]
[Result "1/2-1/2"]
[WhiteElo "2417"]
[BlackElo "2573"]
[TimeControl "180+2"]
[EndTime "14:06:25 PST"]
[Termination "Game drawn by repetition"]

1. d4 Nf6 2. c4 e5 3. dxe5 Ng4 4. Bf4 Bb4+ 5. Nd2 Nc6 6. Nf3 Qe7 7. a3 Bxd2+ 8. Qxd2 Ngxe5 9. Nxe5 Nxe5 10. e3 d6 11. Be2 O-O 12. O-O b6 13. b4 Bb7 14.
Qc3 Qf6 15. Rac1 Qg6 16. f3 Rfe8 17. c5 Rad8 18. cxd6 cxd6 19. Bg3 h5 20. Bb5 Re7 21.
e4 Qf6 22. Rfd1 Re6 23. Qc7 Ba8 24. f4 Bxe4 25. fxe5 Qg5 26. exd6 h4 27. d7 Kh7 28. Qf4 Qxb5 29. Qxh4+ Kg6 30. Qxd8 Qe2 31. Bf2 Qg4 32. Bg3 Qe2 33. Bf2 Qg4 34. Bg3 Qe2 1/2-1/2

[Event "*** Titled Tuesday Blitz"]
[Site "Chess.com"]
[Date "2018.12.04"]
[Round "5"]
[White "SCIM"]
[Black "ENEASZ"]
[Result "0-1"]
[WhiteElo "2430"]
[BlackElo "2608"]
[TimeControl "180+2"]
[EndTime "14:06:27 PST"]
[Termination "ENEASZ won by resignation"]

1. d4 Nf6 2. c4 e6 3. Nc3 d5 4. g3 Be7 5. Bg2 O-O 6. Nf3 dxc4 7. O-O c5 8. dxc5 Bxc5 9. Ne5 Qe7 10. Nxc4 Nc6 11.
a3 Rd8 12. Qc2 a5 13. Bg5 h6 14. Bxf6 Qxf6 15. Ne4 Qe7 16. Nxc5 Qxc5 17. Rac1 Bd7 18. e3 Rac8 19. Nd2 Qb5 20. Qb3 Qxb3 21. Nxb3 b6 22.
Rfd1 Ne5 23. Rd4 Rxc1+ 24. Nxc1 Rc8 25. Rd1 Ba4 26. Re1 Rc2 27. b3 Bb5 28. f4 Nd7 29. a4 Ba6 30. Rd1 Nc5 31. Bf3 g6 32. h3 h5 33. g4 h4 34. g5 Kg7 35. Bg2 Rb2 36. Bf3 Nxb3 37. Nxb3 Rxb3 38. Kf2 Rb2+ 39. Kg1 Rb3 40. Kf2 Rb2+ 41. Kg1 Bc4 42. Rd6 b5 43.
axb5 Bxb5 44. Rd8 a4 45. Ra8 Rb1+ 46. Kf2 Rf1+ 47. Kg2 Rxf3 48. Ra5 Bc6 0-1

[Event "*** Titled Tuesday Blitz"]
[Site "Chess.com"]
[Date "2018.12.04"]
[Round "5"]
[White "Dr-Bassem"]
[Black "1e41-0"]
[Result "1-0"]
[WhiteElo "2740"]
[BlackElo "2495"]
[TimeControl "180+2"]
[EndTime "14:06:28 PST"]
[Termination "Dr-Bassem won by resignation"]

1. e4 e6 2. d3 d5 3. Nd2 Nf6 4. Ngf3 c5 5. g3 Nc6 6. Bg2 g6 7. O-O Bg7 8. Re1 O-O 9. c3 a5 10. a4 b6 11. Nb1 Ba6 12. e5 Ng4 13. Bf4 f6 14. exf6 Qxf6 15. Qd2 e5 16. Bg5 Qd6 17. h3 Nf6 18. Na3 Rae8 19. Nb5 Qd7 20. Rad1 Rf7 21. c4 Nd4 22. Nxe5 Rxe5 23. Rxe5 Bxb5 24. axb5 Ne4 25. Rxe4 dxe4 26. dxe4 Qe6 27. Qd3 h6 28. Be3 g5 29. e5 Kh8 30. Bxd4 cxd4 31. Bd5 Qe7 32. Bxf7 Qxf7 33. Qxd4 Qf3 34. Qd8+ Bf8 35. Qf6+ Qxf6 36.
exf6 Kh7 37. Rd8 Bc5 38. Rd7+ Kg6 39. f7 Kg7 40. b3 h5 41. g4 hxg4 42. hxg4 Kf8 43. Kg2 Kg7 44. Kg3 1-0

[Event "*** Titled Tuesday Blitz"]
[Site "Chess.com"]
[Date "2018.12.04"]
[Round "5"]
[White "afgano29"]
[Black "ValeriyGrinev"]
[Result "1-0"]
[WhiteElo "2634"]
[BlackElo "2555"]
[TimeControl "180+2"]
[EndTime "14:06:28 PST"]
[Termination "afgano29 won by resignation"]

1. d4 Nf6 2. c4 g6 3. Nc3 d5 4.
cxd5 Nxd5 5. e4 Nxc3 6. bxc3 Bg7 7. Nf3 c5 8. Rb1 O-O 9. Be2 cxd4 10. cxd4 Qa5+ 11. Bd2 Qxa2 12. O-O b6 13. Bg5 Bb7 14. d5 e6 15. Qc1 exd5 16. Nd2 Rc8 17. Qd1 Nd7 18. exd5 Ne5 19. d6 Qd5 20. Nf3 Qxd1 21.
Rfxd1 Nxf3+ 22. gxf3 f6 23. Bf4 Rc2 24. Bd3 Rc3 25.
Rbc1 Rxc1 26. Rxc1 Rd8 27. Rc7 Bxf3 28. Bc4+ Kh8 29.
Be6 g5 30. d7 Bf8 31. Rc8 Rxd7 32. Bxd7 Kg7 33. Bb8 a5 34. Bf5 Bc5 35. Rc7+ Kf8 36.
Rxh7 Bd5 37. Rd7 Bb3 38. Bd6+ Ke8 39. Bxc5 bxc5 40. Ra7 c4 41. Rxa5 Ke7 42. Ra6 Bd1 43.
Rc6 Bb3 44. Be6 Ba4 45. Ra6 Bb5 46. Rb6 c3 47. Rxb5 Kd6 48. Bf5 1-0

[Event "*** Titled Tuesday Blitz"]
[Site "Chess.com"]
[Date "2018.12.04"]
[Round "5"]
[White "jocmil"]
[Black "GMKrikor"]
[Result "0-1"]
[WhiteElo "2479"]
[BlackElo "2672"]
[TimeControl "180+2"]
[EndTime "14:06:31 PST"]
[Termination "GMKrikor won by resignation"]

1. Nf3 d5 2. d4 Nf6 3. Bf4 c5 4. c3 Nc6 5. e3 e6 6. Bd3 Nh5 7.
Be5 Qb6 8. b3 Nxe5 9. Nxe5 Nf6 10. O-O Bd6 11. Nd2 O-O 12. Kh1 Qc7 13. f4 b6 14. Qf3 Bb7 15. Qh3 Ne4 16. Nxe4 dxe4 17. Be2 Rac8 18. Rac1 cxd4 19. exd4 Qe7 20. Qe3 f6 21.
Nc4 Bb8 22. Nd2 f5 23. Nc4 Kh8 24. Ne5 Rcd8 25. g4 g5 26. fxg5 Qg7 27. gxf5 exf5 28.
Rf4 Bxe5 29. dxe5 Qxe5 30. g6 Rd3 31. g7+ Qxg7 32. Qg1 Rd2 33. Qxg7+ Kxg7 34. Rg1+ Kf6 35. Bf1 e3+ 36. Bg2 Rxg2 37. Rxg2 Rg8 0-1

[Event "*** Titled Tuesday Blitz"]
[Site "Chess.com"]
[Date "2018.12.04"]
[Round "5"]
[White "robbykevlishvili"]
[Black "Mykola-Bortnyk"]
[Result "0-1"]
[WhiteElo "2736"]
[BlackElo "2842"]
[TimeControl "180+2"]
[EndTime "14:06:32 PST"]
[Termination "Mykola-Bortnyk won by resignation"]

1. e4 Nf6 2. e5 Nd5 3. d4 d6 4. Nf3 dxe5 5. Nxe5 c6 6. Be2 Bf5 7. O-O Nd7 8. Nf3 e6 9. c4 N5f6 10. Nc3 Bd6 11. Nh4 Bg6 12. g3 Qc7 13. c5 Be7 14.
Bf4 Qc8 15. b4 O-O 16. Nxg6 hxg6 17. Bf3 Bd8 18. Bd6 Re8 19. b5 Nd5 20. Nxd5 exd5 21. bxc6 bxc6 22. Qa4 Be7 23. Rac1 Bf8 24. Bg4 f5 25.
Bf3 Nf6 26. Rb1 Bxd6 27. cxd6 Qd7 28. Rfc1 Rac8 29. Qa3 Re6 30. Re1 Ne4 31. Bxe4 fxe4 32.
Rb2 Rf8 33. Reb1 Rxd6 34. Rb7 Qe6 35. Qxa7 Qf6 36. R7b2 Re6 37. Qc5 e3 38. fxe3 Rxe3 39. a4 Kh7 40. a5 Rf3 41. Kg2 Rf2+ 42. Rxf2 Qxf2+ 43. Kh1 Qf3+ 44. Kg1 Qe3+ 45. Kg2 Qe4+ 46. Kh3 Rf5 0-1

[Event "*** Titled Tuesday Blitz"]
[Site "Chess.com"]
[Date "2018.12.04"]
[Round "5"]
[White "pKiLz5Rn9b"]
[Black "dyziotomi99"]
[Result "0-1"]
[WhiteElo "2742"]
[BlackElo "2638"]
[TimeControl "180+2"]
[EndTime "14:06:33 PST"]
[Termination "dyziotomi99 won by resignation"]

1. b3 Nf6 2. Bb2 g6 3. Nf3 Bg7 4. g3 O-O 5. Bg2 c5 6. c4 d5 7. cxd5 Nxd5 8. Bxg7 Kxg7 9. O-O Nc6 10. d4 cxd4 11. Nxd4 Nxd4 12. Qxd4+ Nf6 13. Qe5 Qb6 14. Nc3 Be6 15. Na4 Qb4 16. Qc5 a5 17.
Qxb4 axb4 18. Bxb7 Ra7 19. Bf3 Rd8 20. Rfd1 Rxd1+ 21. Rxd1 Bd7 22. Nc5 Bb5 23. Rd2 Rc7 24. Nd3 Rd7 25. Rc2 Bxd3 26. exd3 Rxd3 27. Kg2 e6 28. Rc4 Rd2 29. Rxb4 Rxa2 30. Rb7 Rb2 31.
h4 e5 32. Kf1 h5 33. Be2 Ne4 34. b4 Rb1+ 35. Kg2 Rb2 36. Kf3 Nd6 37. Rd7 e4+ 38. Kg2 Nf5 39. Bc4 Ne3+ 0-1

[Event "*** Titled Tuesday Blitz"]
[Site "Chess.com"]
[Date "2018.12.04"]
[Round "5"]
[White "dretch"]
[Black "champ2005"]
[Result "1-0"]
[WhiteElo "2813"]
[BlackElo "2666"]
[TimeControl "180+2"]
[EndTime "14:06:35 PST"]
[Termination "dretch won by checkmate"]

1. d4 Nf6 2. c4 e6 3. Nc3 Bb4 4. Qc2 O-O 5. e4 d5 6. e5 Ne4 7. Bd3 c5 8. Nf3 cxd4 9. Nxd4 Nd7 10. Bf4 Ndc5 11. O-O Bxc3 12. bxc3 Nxd3 13. Qxd3 Bd7 14. cxd5 exd5 15. c4 Bc6 16. Rad1 Nc5 17. Qg3 Ne4 18. Qe3 Qa5 19. Nf5 Rfe8 20. cxd5 Bxd5 21. Rd4 Nc3 22. Bh6 gxh6 23. Rg4+ Kh8 24. Qxh6 Ne2+ 25. Kh1 Bxg2+ 26. Rxg2 Qxe5 27. f4 Qc3 28. Nd6 Re7 29. Qg5 f6 30.
Qd5 Rf8 31. Nf5 Ree8 32. Qd7 Rg8 33. Nh6 Rxg2 34. Qxe8+ Kg7 35. Nf5# 1-0

[Event "*** Titled Tuesday Blitz"]
[Site "Chess.com"]
[Date "2018.12.04"]
[Round "5"]
[White "jncool68"]
[Black "penguingm1"]
[Result "0-1"]
[WhiteElo "2642"]
[BlackElo "2774"]
[TimeControl "180+2"]
[EndTime "14:06:35 PST"]
[Termination "penguingm1 won by resignation"]

1. e4 e5 2. Nf3 Nc6 3. Bb5 a6 4. Ba4 Nf6 5. O-O Be7 6. Re1 b5 7. Bb3 d6 8. c3 O-O 9. h3 Bb7 10. d4 Re8 11. Ng5 Rf8 12. Nf3 Re8 13. Nbd2 Bf8 14.
Bc2 g6 15. a3 Bg7 16. Nf1 exd4 17. cxd4 Na5 18. Ng3 c5 19. d5 Nd7 20. Rb1 c4 21. Bg5 Qc7 22. Qd2 Nc5 23. Bh6 Nab3 24. Bxb3 Nxb3 25. Qf4 Bh8 26. Rbd1 Nc5 27. Nh5 Nd7 28.
Ng5 Re7 29. Ng3 Ne5 30. Nf3 Nxf3+ 31. Qxf3 Bxb2 32. e5 Rxe5 33. Ne4 Rf5 34. Qe3 Qd8 35. g4 Rxd5 36. Nc3 Re5 37. Qd4 Qf6 38. Rxe5 dxe5 39. Ne4 Bxd4 40. Nxf6+ Kh8 41. Kh2 c3 42. Kg3 c2 43.
Re1 Rc8 44. Bc1 Rc3+ 45. Kh2 Kg7 46. Ne8+ Kf8 47. Nd6 Bc6 48. Kg1 Rg3+ 49. Kf1 Rxh3 0-1

[Event "*** Titled Tuesday Blitz"]
[Site "Chess.com"]
[Date "2018.12.04"]
[Round "5"]
[White "matiss90"]
[Black "cool4chess"]
[Result "1-0"]
[WhiteElo "2419"]
[BlackElo "2242"]
[TimeControl "180+2"]
[EndTime "14:06:35 PST"]
[Termination "matiss90 won by resignation"]

1. e4 e5 2. Nf3 Nc6 3. Bb5 a6 4. Ba4 Nf6 5. d3 b5 6. Bb3 Be7 7. O-O Kf8 8. d4 exd4 9. e5 Ng4 10. c3 Ngxe5 11. Nxe5 Nxe5 12. cxd4 Nc6 13. Qf3 Qe8 14. Be3 Bb7 15. Nc3 Na5 16. Bd5 c6 17. Be4 Nc4 18.
b3 Nxe3 19. fxe3 d5 20. Bd3 Bg5 21. Rae1 Bf6 22. Kh1 Qd7 23. e4 Bxd4 24. Ne2 Bf6 25. exd5 cxd5 26. Nf4 d4 27. Qg3 Re8 28. Rxe8+ Qxe8 29. Nh5 Qe5 30. Qh3 Be7 31. Ng3 g6 32. Qg4 h5 33.
Qxg6 Qg7 34. Qb6 Bc8 35. Qb8 Qg4 36. Nf5 Kg8 37. Qxc8+ Kh7 38. Nxe7+ 1-0

[Event "*** Titled Tuesday Blitz"]
[Site "Chess.com"]
[Date "2018.12.04"]
[Round "5"]
[White "chessking2151"]
[Black "mikhaillushenkov"]
[Result "0-1"]
[WhiteElo "2551"]
[BlackElo "2647"]
[TimeControl "180+2"]
[EndTime "14:06:36 PST"]
[Termination "mikhaillushenkov won by resignation"]

1. Nf3 d5 2. c4 d4 3. b4 c5 4. e3 Nf6 5. bxc5 Nc6 6. exd4 Nxd4 7. Bb2 e5 8. Nxd4 exd4 9. Qa4+ Bd7 10. Qb4 Bc6 11. Na3 Qe7+ 12. Kd1 Ne4 13. Bxd4 O-O-O 14. Be3 Qf6 15. Rb1 Nxf2+ 16. Ke2 Nxh1 17. Nb5 Re8 18. Nxa7+ Kd7 19. Nxc6 Qxc6 20. Qxb7+ Qxb7 21. Rxb7+ Kc6 22. Rb6+ Kc7 23. Rb5 Be7 24. g3 Bg5 25. Bg2 Bxe3 26. dxe3 Nxg3+ 27. hxg3 Rb8 28. a4 h5 29. a5 Rh6 30. Rb6 Re8 31. Bd5 Rb8 32. Kd3 Rg6 33. Rxg6 fxg6 34. Kc3 Rb1 35. a6 Ra1 36.
Bb7 g5 37. Kd4 h4 38. gxh4 gxh4 39. Ke5 h3 40. Bf3 h2 41. a7 Rxa7 42. Kf4 Ra1 0-1

[Event "*** Titled Tuesday Blitz"]
[Site "Chess.com"]
[Date "2018.12.04"]
[Round "5"]
[White "VeraNebolsina"]
[Black "BlackBoarder"]
[Result "1-0"]
[WhiteElo "2374"]
[BlackElo "2489"]
[TimeControl "180+2"]
[EndTime "14:06:37 PST"]
[Termination "VeraNebolsina won on time"]

1. e4 e6 2. d4 d5 3. exd5 exd5 4. Nf3 Nf6 5. Bd3 c5 6. O-O c4 7. Be2 Be7 8. b3 cxb3 9. axb3 O-O 10. c3 Nc6 11.
Re1 Bg4 12. Ne5 Bxe2 13. Qxe2 Re8 14. Qb5 Bd6 15. Qxb7 Nxe5 16. dxe5 Bxe5 17. Be3 Rb8 18.
Qxa7 Rxb3 19. Qa4 Rb8 20. Ra2 h6 21. Rae2 Qc7 22. h3 Ra8 23. Qh4 Ne4 24. Rd1 Ra1 25. Rc2 Rb8 26. Rcc1 Qc4 27. f3 Bf6 28. Qf4 Re8 29.
fxe4 Rxe4 30. Qb8+ Kh7 31. Nd2 Rxc1 32. Rxc1 Qe2 33. Nxe4 Qxe3+ 34. Kh2 Qxe4 35. Qb1 Qxb1 36. Rxb1 Bxc3 37. Rb7 Kg6 38. Rd7 d4 39. Kg3 1-0

[Event "*** Titled Tuesday Blitz"]
[Site "Chess.com"]
[Date "2018.12.04"]
[Round "5"]
[White "saraswathii"]
[Black "evgenyermolaev"]
[Result "0-1"]
[WhiteElo "2262"]
[BlackElo "2412"]
[TimeControl "180+2"]
[EndTime "14:06:38 PST"]
[Termination "evgenyermolaev won by resignation"]

1. d4 Nf6 2. Bf4 c5 3. c3 e6 4. e3 Be7 5. Nf3 b6 6. Bd3 O-O 7. O-O Ba6 8. Bxa6 Nxa6 9. Qe2 Nc7 10. Nbd2 d6 11. e4 d5 12. Rad1 cxd4 13. Nxd4 Qd7 14. N2f3 dxe4 15. Ne5 Qe8 16. Bg5 Ncd5 17. c4 Bd6 18.
cxd5 Bxe5 19. dxe6 Bxd4 20. exf7+ Qxf7 21. Rxd4 Qxa2 22. Bxf6 Rxf6 23. Rxe4 Raf8 24. h3 h6 25. Re7 R6f7 26. Rxf7 Qxf7 27. Re1 Kh8 28. f3 Qf6 29. Qe5 a5 30. Qxf6 Rxf6 31. Re5 Rc6 32. Kh2 Kg8 33.
Re7 Rc2 34. b3 Rc3 35. b4 axb4 36. Re4 b3 37. Rb4 Kf7 38. Rxb6 Ke7 39. Kg3 Kd7 40.
Rb7+ Kc6 41. Rb8 Kc5 42. Kf4 Rc4+ 43. Ke3 Rb4 44. Rc8+ Kd5 45. Rc1 b2 46. Rb1 Ke5 47. g3 Rb3+ 48. Ke2 Kd4 49. g4 Ke5 50. Kd2 Kf4 51. Kc2 Rb8 52. h4 Kxf3 53. g5 h5 0-1

[Event "*** Titled Tuesday Blitz"]
[Site "Chess.com"]
[Date "2018.12.04"]
[Round "5"]
[White "Antipov_Mikhail_Al"]
[Black "GadimbayliA"]
[Result "0-1"]
[WhiteElo "2785"]
[BlackElo "2676"]
[TimeControl "180+2"]
[EndTime "14:06:39 PST"]
[Termination "GadimbayliA won by resignation"]

1. e4 e6 2. d4 d5 3. Nd2 c5 4. Ngf3 cxd4 5. exd5 Qxd5 6. Bc4 Qd7 7. O-O Nc6 8. Nb3 a6 9. Nbxd4 Nxd4 10. Nxd4 Qc7 11.
Bd3 Bd6 12. Kh1 Ne7 13. Qh5 Qc5 14. Qh4 Bd7 15. Be3 Qc7 16. c4 h6 17. c5 Be5 18.
Rac1 Bf6 19. Qe4 Nc6 20. Nf5 Be5 21. Nd6+ Bxd6 22. cxd6 Qxd6 23. Bc5 Qe5 24. Qa4 Rc8 25. Rfd1 Qxb2 26. Rc2 Qe5 27. Ba3 Qa5 28. Qb3 Rd8 29. Be4 Nd4 30. Qg3 Nxc2 31. Bxc2 Bc6 32. Bd6 Qg5 33.
Qh3 Rxd6 34. Rxd6 Qc1+ 35. Bd1 O-O 36. Qg3 Bd5 37. Qd3 Qf4 38. Bc2 g6 39. Qg3 Qc1+ 0-1

[Event "*** Titled Tuesday Blitz"]
[Site "Chess.com"]
[Date "2018.12.04"]
[Round "5"]
[White "BIG_Pirate"]
[Black "enriquetejedor"]
[Result "0-1"]
[WhiteElo "2362"]
[BlackElo "2516"]
[TimeControl "180+2"]
[EndTime "14:06:41 PST"]
[Termination "enriquetejedor won on time"]

1. Nf3 b6 2. g3 Bb7 3. Bg2 Nf6 4. c4 e6 5. O-O Be7 6. d4 O-O 7. d5 exd5 8. Nh4 c6 9. cxd5 cxd5 10. Nf5 Na6 11.
Nc3 Nc7 12. Bf4 Ne6 13. Be5 Rc8 14. Rc1 Rc5 15. b4 Rc4 16. a3 Ne4 17. Nxd5 Bxd5 18. Qxd5 Rxc1 19. Rxc1 Nf6 20. Qb7 Ng4 21. Nxe7+ Qxe7 22. Bb2 a5 23. h3 Nxf2 24. Kxf2 axb4 25. Qa7 bxa3 26. Bxa3 Qf6+ 27. Kg1 Qd4+ 28. Kh2 Re8 29. Qxd7 Qxd7 30. Bc6 Qd8 31. Bxe8 Qxe8 32. Bb2 h5 33. Rc2 Qa4 34. Rd2 Nc5 0-1

[Event "*** Titled Tuesday Blitz"]
[Site "Chess.com"]
[Date "2018.12.04"]
[Round "5"]
[White "sergiochess83"]
[Black "VitaliyBernadskiy"]
[Result "1-0"]
[WhiteElo "2771"]
[BlackElo "2717"]
[TimeControl "180+2"]
[EndTime "14:06:42 PST"]
[Termination "sergiochess83 won by resignation"]

1. e4 c6 2. d4 d5 3. e5 Bf5 4.
Nd2 e6 5. Nb3 Nd7 6. Nf3 Bg6 7.
Be2 Nh6 8. O-O Nf5 9. a4 Rc8 10. a5 Be7 11. g4 Nh6 12. h3 Ng8 13. Ne1 h5 14. gxh5 Bf5 15. Bg4 Bh7 16. Nd3 Nh6 17.
Bxh6 gxh6 18. Kh2 c5 19. Ndxc5 Nxc5 20. dxc5 Bxc5 21. Qd2 Qc7 22. Nxc5 Qxc5 23. Qxh6 Qd4 24. Qf6 Rg8 25. Rad1 Qb4 26. c3 Qc4 27. Bxe6 fxe6 28.
Qxe6+ Kf8 29. Rd4 Rc6 30. Qd7 Be4 31. Rxc4 Rg2+ 32. Kh1 Rg7+ 33. Rxe4 Rxd7 34. Rf4+ Kg7 35. Rg1+ Kh6 36. Rg6+ Rxg6 37. hxg6 Kxg6 38. Kg2 Re7 39. Rf6+ Kg5 40. f4+ Kh5 41. e6 b6 42. axb6 axb6 43.
f5 b5 44. Rf7 Re8 45. e7 Kg5 46. f6 1-0

[Event "*** Titled Tuesday Blitz"]
[Site "Chess.com"]
[Date "2018.12.04"]
[Round "5"]
[White "Anar_Aliakbarov"]
[Black "Superfelix"]
[Result "1-0"]
[WhiteElo "2566"]
[BlackElo "2387"]
[TimeControl "180+2"]
[EndTime "14:06:42 PST"]
[Termination "Anar_Aliakbarov won by resignation"]

1. d4 Nf6 2. c4 g6 3. Nc3 Bg7 4. e4 d6 5. Nf3 O-O 6. Be2 Na6 7. O-O e5 8. Be3 Ng4 9. Bg5 Qe8 10. dxe5 dxe5 11. h3 f6 12. Bd2 Nh6 13. c5 Nxc5 14. Qc1 Nf7 15. Nd5 Ne6 16. Bb4 c6 17. Bxf8 Qxf8 18.
Nc3 Bh6 19. Qc2 Nfg5 20. Nxg5 Bxg5 21. Rfd1 Nd4 22. Qa4 Be6 23. Bc4 Qf7 24. Bxe6 Qxe6 25. Rxd4 exd4 26. Qxd4 Bf4 27. Rd1 Re8 28. Qxa7 f5 29.
Qxb7 fxe4 30. Qd7 e3 31. Qxe6+ Rxe6 32. fxe3 Bxe3+ 33. Kf1 c5 34. b3 Bd4 35. Nb5 Rf6+ 36. Ke1 Be5 37. Rd5 Bg3+ 38. Kd1 Rf2 39. Rd2 Rf1+ 40. Kc2 h5 41. a4 Be1 42. Re2 Bb4 43. Kd3 Rb1 44. Kc2 Ra1 45. Kb2 Rg1 46. Nd6 Kg7 47.
Nc4 Rf1 48. Ne5 Kf6 49. Nd3 g5 50. Rf2+ Rxf2+ 51. Nxf2 Kf5 52. Nd3 Bd2 53. Nxc5 Kf4 54. b4 Ke3 55. b5 Ba5 56. Nb3 Bd8 57. a5 Kf2 58. a6 Kxg2 59. a7 1-0

[Event "*** Titled Tuesday Blitz"]
[Site "Chess.com"]
[Date "2018.12.04"]
[Round "5"]
[White "severomorskij"]
[Black "Evgeny81"]
[Result "1-0"]
[WhiteElo "2751"]
[BlackElo "2677"]
[TimeControl "180+2"]
[EndTime "14:06:48 PST"]
[Termination "severomorskij won on time"]

1. d4 d5 2. c4 c6 3. Nf3 Nf6 4.
Nc3 a6 5. c5 g6 6. Bf4 Bg7 7.
e3 Bg4 8. Qb3 Qc8 9. Ne5 Nbd7 10. h3 Bf5 11. g4 Be6 12. Nd3 Ne4 13. f3 Nxc3 14. bxc3 O-O 15. Rb1 Ra7 16. Be2 f6 17. h4 Bf7 18. Bg3 e5 19. f4 Re8 20.
Kd2 b6 21. fxe5 bxc5 22. e6 Bxe6 23. Nf4 Bf7 24. h5 g5 25. Ng2 cxd4 26. exd4 f5 27. gxf5 Nf6 28. Bd3 Nxh5 29. Be5 Bxe5 30. dxe5 Rxe5 31.
Ne3 Nf6 32. Qb6 Rae7 33. Rbe1 c5 34. Qxf6 Qb8 35. Rxh7 Qb2+ 36. Bc2 Kxh7 37. Rh1+ 1-0

[Event "*** Titled Tuesday Blitz"]
[Site "Chess.com"]
[Date "2018.12.04"]
[Round "5"]
[White "Karina_Oparina"]
[Black "pedroholly22"]
[Result "0-1"]
[WhiteElo "2113"]
[BlackElo "2205"]
[TimeControl "180+2"]
[EndTime "14:06:49 PST"]
[Termination "pedroholly22 won on time"]

1. c4 Nf6 2. Nf3 e6 3. Nc3 Bb4 4. Qc2 O-O 5. e3 d5 6. b3 c5 7. Bb2 Nc6 8. cxd5 exd5 9. a3 Ba5 10. d4 cxd4 11. exd4 g6 12. Bd3 Re8+ 13. Kf1 Bxc3 14. Bxc3 Ne4 15. Bb2 Bf5 16. h3 Rc8 17. Qd1 Qb6 18.
b4 a5 19. b5 Nd8 20. Rc1 Rxc1 21. Qxc1 Nd6 22. Be2 Nxb5 23. Qc5 Qxc5 24. dxc5 Nc7 25.
g4 Be4 26. Kg2 Nc6 27. Rd1 Ne6 28. Rc1 Nf4+ 29. Kf1 Nxh3 30. Nd4 Nf4 31. Nxc6 b6 32. cxb6 Bg2+ 33. Ke1 Rxe2+ 34. Kd1 Rxb2 35. Nb4 Bf3+ 36. Ke1 axb4 0-1

[Event "*** Titled Tuesday Blitz"]
[Site "Chess.com"]
[Date "2018.12.04"]
[Round "5"]
[White "Guenplen"]
[Black "David_Klein"]
[Result "1-0"]
[WhiteElo "2828"]
[BlackElo "2596"]
[TimeControl "180+2"]
[EndTime "14:06:54 PST"]
[Termination "Guenplen won by checkmate"]

1. d4 f5 2. Bf4 Nf6 3. e3 g6 4.
Nf3 Bg7 5. Be2 d6 6. O-O O-O 7. c4 Ne4 8. Nbd2 Nc6 9. d5 Nxd2 10. Qxd2 Ne5 11. Nxe5 dxe5 12. Bg3 e6 13. Rfd1 exd5 14. cxd5 Qf6 15. f3 c6 16. e4 cxd5 17. Qxd5+ Be6 18. Qb5 a6 19. Qb6 Qf7 20. Rd6 Rac8 21. Rxe6 fxe4 22.
fxe4 Rc2 23. Bf3 Qd7 24. Rd6 Qc8 25. Rad1 Bh6 26. Qb3+ Rc4 27. Be2 b5 28. Bxc4+ bxc4 29. Qc2 Be3+ 30. Kh1 Bc5 31. Qxc4+ Kg7 32. Rd7+ Kh6 33.
Qc1+ g5 34. h4 Rg8 35. R1d5 Kh5 36. Qd1+ g4 37. Rxe5+ Kg6 38. Re6+ Kh5 39. Qd5+ Rg5 40. Qxg5# 1-0

[Event "*** Titled Tuesday Blitz"]
[Site "Chess.com"]
[Date "2018.12.04"]
[Round "5"]
[White "Jenia84"]
[Black "mjray79"]
[Result "1-0"]
[WhiteElo "2218"]
[BlackElo "2142"]
[TimeControl "180+2"]
[EndTime "14:06:54 PST"]
[Termination "Jenia84 won on time"]

1. Nf3 Nf6 2. b3 e6 3. Bb2 d5 4. e3 c6 5. Be2 Nbd7 6. O-O Bd6 7. d4 O-O 8. Nbd2 Qe7 9. Ne5 c5 10. Nxd7 Bxd7 11. c4 cxd4 12. Bxd4 e5 13. Bb2 Be6 14.
cxd5 Bxd5 15. Bc4 Bc6 16. Qe2 Rad8 17. Bb5 Bb4 18. Nf3 Bxf3 19. Qxf3 Rd2 20. Rab1 Qc5 21. Qxb7 Nd5 22. Bc4 Nb6 23. a3 Bxa3 24. Bxa3 Qxa3 25. Ra1 Qb2 26. Rxa7 Nxc4 27. bxc4 Qc2 28. Ra8 Rdd8 29. Rxd8 Rxd8 30. Qc7 Re8 31. c5 e4 32. c6 h6 33. Qd7 Re6 34. c7 Rc6 35. Qe8+ Kh7 36. Qxf7 Rxc7 37. Qf5+ g6 38. Qe5 Rf7 39. h3 Qd3 40. Rc1 Qd2 41. Rf1 Qd3 42. Qe6 Kg7 43.
Qe5+ Kh7 44. Qd4 1-0